 Dungeon Crawl Stone Soup version 0.28.0-45-g0d030f2227 (webtiles) character file.

Game seed: 1773157112990997802

3945 boopmooplesden the Cleaver (level 10, -1/90 HPs)
             Began as a Minotaur Berserker on Apr 6, 2022.
             Was an Elder of Trog.
             Slain by a yak (4 damage)
             ... on level 8 of the Dungeon.
             The game lasted 00:10:14 (7293 turns).

boopmooplesden the Cleaver (Minotaur Berserker)     Turns: 7293, Time: 00:10:15

Health: -1/90      AC: 22    Str: 23    XL:     10   Next: 1%
Magic:  9/9        EV: 10    Int:  4    God:    Trog [****..]
Gold:   498        SH:  0    Dex: 13    Spells: 9/9 levels left

rFire   . . .      SeeInvis +   a - +0 hand axe (protect)
rCold   . . .      Faith    .   (no shield)
rNeg    . . .      Spirit   .   u - +3 chain mail {Will+}
rPois   .          Reflect  .   (helmet restricted)
rElec   .          Harm     .   (no cloak)
rCorr   .          Rampage  .   D - +0 pair of gloves
Will    +....                   (no boots)
Stlth   ..........              (no amulet)
HPRegen 0.25/turn               f - ring of see invisible
MPRegen 0.11/turn               l - ring of flight

@: under a protective aura, on berserk cooldown, flying, slowed, very slow
A: horns 2, retaliatory headbutt
a: Renounce Religion, Berserk, Trog's Hand, Brothers in Arms


You were on level 8 of the Dungeon.
You worshipped Trog.
Trog was greatly pleased with you.
You visited 1 branch of the dungeon, and saw 7 of its levels.
You also visited: Sewer.

You collected 498 gold pieces.

Inventory:

Hand Weapons
 a - a +0 hand axe of protection (weapon)
 q - a +0 glaive
Missiles
 j - 5 javelins (quivered)
Armour
 b - a +0 animal skin
 u - a +3 chain mail of willpower (worn)
 D - a +0 pair of gloves (worn)
Jewellery
 f - a ring of see invisible (left hand)
 h - a ring of ice
 l - a ring of flight (right hand)
 o - a ring of resist corrosion
 p - a ring of magical power
 A - a ring of protection from fire
 G - a ring of fire
 H - an amulet of regeneration
 J - a +4 ring of evasion
Wands
 s - a wand of mindburst (22)
 E - a wand of polymorph (6)
Scrolls
 e - 7 scrolls of identify
 m - a scroll of enchant armour {unknown}
 n - 4 scrolls of enchant weapon {unknown}
 r - a scroll of noise {unknown}
 t - 3 scrolls of teleportation
 y - a scroll of fog
 z - a scroll of immolation {unknown}
Potions
 c - a potion of cancellation
 d - 2 potions of haste {unknown}
 g - a potion of degeneration {unknown}
 i - 3 potions of invisibility {unknown}
 k - a potion of ambrosia {unknown}
 v - 2 potions of curing {unknown}
 w - 2 potions of heal wounds {unknown}
 x - 2 potions of magic {unknown}
 B - 2 potions of flight {unknown}
 C - 3 potions of might {unknown}
 F - 2 potions of attraction {unknown}
 I - a potion of berserk rage {unknown}


   Skills:
 + Level 8.8 Fighting
 + Level 11.8 Axes
 + Level 7.6 Armour
 + Level 5.5 Dodging
 + Level 2.4 Stealth
 + Level 2.3 Unarmed Combat


You had 9 spell levels left.
You didn't know any spells.
Your spell library was empty.

Dungeon Overview and Level Annotations

Branches:
Dungeon (6/15)             Temple (0/1) D:6           Sewer (visited)

Altars:
Elyvilon
Fedhas
Yredelemnul

Shops:
D:3 [

Annotations:
D:3 1 runed translucent door


Innate Abilities, Weirdness & Mutations

You have a pair of horns on your head.
You reflexively headbutt those who attack you in melee.


Message History

You barely miss the yak. The yak gores you but does no damage.
You barely miss the yak. You headbutt the yak!
The yak is moderately wounded.
The yak gores you but does no damage.
You barely miss the yak.
The yak is lightly wounded.
The yak gores you.
* * * LOW HITPOINT WARNING * * *
You closely miss the yak.
The yak is lightly wounded.
The yak gores you!
* * * LOW HITPOINT WARNING * * *
You slash the yak!
Your weapon exudes an aura of protection.
Your headbutt misses the yak.
The yak is heavily wounded.
The yak completely misses you.
You slash the yak! You headbutt the yak.
The yak is severely wounded.
The yak gores you!
* * * LOW HITPOINT WARNING * * *
You hit the yak. Your headbutt misses the yak.
The yak is severely wounded.
The yak gores you!
* * * LOW HITPOINT WARNING * * *
The yak closely misses you.
You closely miss the yak.
The yak is severely wounded.
The yak gores you but does no damage.
You hit the yak but do no damage.
The yak is severely wounded.
The yak gores you but does no damage.
You barely miss the yak.
The yak is severely wounded.
The yak gores you.
* * * LOW HITPOINT WARNING * * *
You hit the yak but do no damage.
The yak is severely wounded.
The yak gores you.
You die...

#######..# ###...#####.#.#
.)))....># ##### #.#.#
########## #.#.# # #.#.# #
######.#.#
#######################........#
.........................###.###
#######################..# #.#
#.........@Y.......###.#
#.###########.#........#
#....$YYYY.Y..#...######
..Y...#...##..#...# ..Y#.
#...##..#...# # # #..###..#...#
....# #....... ###.## #.####.#.
#.. ...


You could see a yak.

Vanquished Creatures
  Maggie (D:6)
  Sigmund (D:4)
  8 yaks (D:8)
  Edmund (D:4)
  A water moccasin (D:5)
  Duvessa (D:5)
  2 black bears
  A sky beast (D:6)
  2 necrophages
  An ogre (D:5)
  A bullfrog (D:4)
  2 scorpions (D:6)
  Dowan (D:5)
  A water moccasin skeleton (D:5)
  4 killer bees (D:8)
  3 wights (D:8)
  4 hounds
  3 jellies
  2 centaur skeletons
  3 iguanas (D:5)
  4 orc priests
  A bullfrog skeleton (D:6)
  An orc wizard (D:5)
  Natasha (twice) (D:2)
  A hound skeleton (D:4)
  A howler monkey zombie (D:4)
  3 gnolls (D:3)
  A howler monkey skeleton (D:6)
  6 river rats
  12 adders
  A white imp (D:8)
  5 worms
  A dart slug (D:4)
  11 orcs
  5 bats
  8 endoplasms
  3 giant cockroaches (D:1)
  7 goblins
  11 hobgoblins
  8 jackals
  2 quokkas
  9 ball pythons
  4 frilled lizards
  9 kobolds
  11 rats
  2 toadstools (D:8)
172 creatures vanquished.

Vanquished Creatures (others)
  6 fungi (D:8)
  16 plants
  A toadstool (D:8)
23 creatures vanquished.

Grand Total: 195 creatures vanquished

Notes
Turn   | Place    | Note
-------+----------+-------------------------------------------
     0 | D:1      | boopmooplesden the Minotaur Berserker began the quest for
                  | the Orb.
     0 | D:1      | Reached XP level 1. HP: 19/19 MP: 0/0
    82 | D:1      | Reached XP level 2. HP: 10/27 MP: 1/1
   410 | D:1      | Reached skill level 4 in Axes
   676 | D:1      | Reached ** piety under Trog
   757 | D:1      | Reached XP level 3. HP: 32/33 MP: 2/2
  1214 | D:1      | Found a faded altar of an unknown god.
  1453 | D:2      | Noticed Natasha
  1466 | D:2      | Killed Natasha
  1809 | D:2      | Reached XP level 4. HP: 41/41 MP: 3/3
  1864 | D:2      | Noticed Natasha
  1871 | D:2      | Killed Natasha
  2172 | D:3      | Found Amnirchi's Antique Armour Boutique.
  2172 | D:3      | Found a runed translucent door.
  2172 | D:3      | Noticed a human
  2180 | D:3      | Found a basalt altar of Yredelemnul.
  2373 | D:3      | Reached skill level 5 in Axes
  2378 | D:3      | Reached skill level 5 in Fighting
  2378 | D:3      | Reached XP level 5. HP: 43/48 MP: 4/4
  2895 | D:4      | Reached skill level 1 in Stealth
  3140 | D:4      | Reached *** piety under Trog
  3147 | D:4      | Reached skill level 6 in Axes
  3147 | D:4      | Reached XP level 6. HP: 40/56 MP: 5/5
  3409 | D:4      | Noticed Edmund
  3409 | D:4      | Noticed Sigmund
  3418 | D:4      | Killed Edmund
  3428 | D:4      | Killed Sigmund
  3429 | D:4      | Reached skill level 7 in Axes
  3429 | D:4      | Reached XP level 7. HP: 43/62 MP: 6/6
  3728 | D:5      | Entered Level 5 of the Dungeon
  3900 | D:5      | Noticed Dowan
  3902 | D:5      | Noticed Duvessa
  3929 | D:5      | Killed Duvessa
  3930 | D:5      | Reached skill level 8 in Axes
  3935 | D:5      | Killed Dowan
  4001 | D:5      | Found a blossoming altar of Fedhas.
  4023 | D:5      | Reached XP level 8. HP: 71/71 MP: 7/7
  4055 | D:5      | Found a glowing drain.
  4063 | Sewer    | Entered a sewer
  4698 | D:5      | Reached skill level 9 in Axes
  5575 | D:6      | Reached **** piety under Trog
  5576 | D:6      | Reached skill level 5 in Dodging
  5593 | D:6      | Reached skill level 10 in Axes
  5714 | D:6      | Noticed Maggie
  5739 | D:6      | Killed Maggie
  5740 | D:6      | Reached XP level 9. HP: 39/80 MP: 8/8
  6047 | D:6      | Found a staircase to the Ecumenical Temple.
  6272 | D:6      | Reached skill level 1 in Unarmed Combat
  6308 | D:6      | Reached skill level 5 in Armour
  6698 | D:6      | You are sucked into a shaft and drop 2 floors!
  6863 | D:8      | Reached skill level 11 in Axes
  7040 | D:8      | Found a white marble altar of Elyvilon.
  7283 | D:8      | Reached XP level 10. HP: 32/90 MP: 9/9
  7289 | D:8      | HP: 4/90 [yak (7)]
  7293 | D:8      | Slain by a yak

Illustrated notes

Levels and vault maps discovered:
D:1:      lemuel_arrival_cross, layout_basic, ebering_ecumenical_altar_mist
D:2:      layout_basic, uniq_natasha
D:3:      layout_basic, dk_yredelemnul_ordeal, serial_shops,
          nicolae_shop_statue_plus, st_stairs_8, corner_web_ring,
          chequers_arboretum, ebering_dispersal_statue_hall,
          minmay_goblin_outpost
D:4:      layout_rooms, sigmund_edmund_badplayer
D:5:      layout_layer_cave, mainiacjoe_overflow_boulevard,
          lightli_sewer_entry_pipes, corexii_item_surrounded_by_moat,
          uniq_duvessa
D:6:      layout_layer_cave, minmay_temple_entry_glassed_door,
          minmay_fractal_squares_5, uniq_maggie
D:8:      layout_basic, nicolae_elyvilon_temple_path, dk_noncrumbling_3,
          minmay_gold_behind_fungi

Skill      XL: |  1  2  3  4  5  6  7  8  9 |
---------------+----------------------------+-----
Fighting       | 4 5 6 7 8 |  8.8
Axes           | 4 5 6 7 8 10 11 | 11.8
Armour         | 3 4 7 |  7.6
Dodging        | 3 4 5 |  5.5
Stealth        | 1 2 |  2.4
Unarmed Combat | 2 |  2.3

Action                   |  1- 3 |  4- 6 |  7- 9 | 10-12 || total
-------------------------+-------+-------+-------+-------++-------
Melee: Hand axe          |    84 |   120 |   277 |    11 ||   492
       Headbutt          |    15 |    24 |    68 |     2 ||   109
       Punch             |     2 |     4 |     4 |       ||    10
       Unarmed           |       |       |    20 |       ||    20
Invok: Berserk           |     1 |     1 |     7 |       ||     9
  Use: Scroll            |       |     4 |       |       ||     4
 Stab: Sleeping          |     1 |     2 |       |       ||     3
Armor: Animal skin       |    14 |    34 |       |       ||    48
       Chain mail        |       |       |   139 |     4 ||   143
Dodge: Dodged            |    55 |    83 |   119 |     2 ||   259
